 Dungeon Crawl Stone Soup version 0.28.0-43-g3370ac3207 (webtiles) character file.

Game seed: 689460227625561100

56 Ablot the Grasshopper (level 3, -4/31 HPs)
             Began as a Gnoll Warper on Mar 7, 2022.
             Slain by a gnoll
             ... wielding a +0 halberd
              (10 damage)
             ... on level 1 of the Dungeon.
             The game lasted 00:02:31 (2456 turns).

Ablot the Grasshopper (Gnoll Warper)                Turns: 2456, Time: 00:02:32

Health: -4/31      AC:  4    Str: 12    XL:     3   Next: 95%
Magic:  5/9        EV: 12    Int: 12    God:
Gold:   70         SH:  0    Dex: 11    Spells: 10/12 levels left

rFire   . . .      SeeInvis .   a - +0 spear
rCold   . . .      Faith    .   (no shield)
rNeg    . . .      Spirit   .   b - +0 leather armour
rPois   .          Reflect  .   (no helmet)
rElec   .          Harm     .   (no cloak)
rCorr   .          Rampage  .   (no gloves)
Will    .....                   f - +0 pair of boots
Stlth   +.........              (no amulet)
HPRegen 0.10/turn               (no ring)
MPRegen 0.11/turn               (no ring)

@: no status effects
A: fangs 1, strong nose, distributed training
a: no special abilities


You were on level 1 of the Dungeon.
You visited 1 branch of the dungeon, and saw 2 of its levels.

You collected 70 gold pieces.

Inventory:

Hand Weapons
 a - a +0 spear (weapon)
 l - a +0 hunting sling
Missiles
 d - 4 boomerangs of dispersal
 g - 51 stones (quivered)
 k - 15 sling bullets
 m - 30 arrows
Armour
 b - a +0 leather armour (worn)
 f - a +0 pair of boots (worn)
Scrolls
 c - a scroll of blinking
 e - a scroll of identify {unknown}
 i - 3 scrolls of silence {unknown}
Potions
 h - a potion of lignification {unknown}
 j - a potion of flight {unknown}


   Skills:
 + Level 4.6 Fighting
 + Level 1.0 Short Blades
 + Level 1.0 Long Blades
 + Level 1.0 Axes
 + Level 1.0 Maces & Flails
 + Level 4.6 Polearms
 + Level 1.0 Staves
 + Level 1.0 Slings
 + Level 1.0 Bows
 + Level 1.0 Crossbows
 + Level 2.6 Throwing
 + Level 2.6 Armour
 + Level 4.6 Dodging
 + Level 1.0 Stealth
 + Level 1.0 Shields
 + Level 1.0 Unarmed Combat
 + Level 5.0 Spellcasting
 + Level 0.7 Conjurations
 + Level 0.7 Hexes
 + Level 0.7 Summonings
 + Level 0.7 Necromancy
 + Level 5.4 Translocations
 + Level 0.7 Transmutations
 + Level 0.7 Fire Magic
 + Level 0.7 Ice Magic
 + Level 0.7 Air Magic
 + Level 0.7 Earth Magic
 + Level 0.7 Poison Magic
 + Level 1.0 Invocations
 + Level 1.0 Evocations


You had 10 spell levels left.
You knew the following spells:

 Your Spells              Type           Power      Damage    Failure   Level
a - Blink                 Tloc           32%        N/A       4%          2

Your spell library contained the following spells:

 Spells                   Type           Power      Damage    Failure   Level
 Gell's Gravitas          Tloc           16%        N/A       9%          3
 Lesser Beckoning         Tloc           16%        N/A       9%          3
 Teleport Other           Tloc           16%        N/A       9%          3
 Dazzling Flash           Conj/Hex       8%         N/A       50%         3
 Manifold Assault         Tloc           16%        N/A       58%         5
 Agony                    Necr           4%         N/A       99%         5
 Silence                  Hex/Air        2%         N/A       99%         5


Dungeon Overview and Level Annotations

Branches:
Dungeon (2/15)

Altars:


Innate Abilities, Weirdness & Mutations

You have very sharp teeth.
Your uncanny sense of smell can sniff out nearby items.
Your experience applies equally to all skills.


Message History

You reach to attack!
You hit the gnoll.
The gnoll is moderately wounded.
The gnoll hits you from afar with a +0 spear.
The gnoll closely misses you.
The gnoll hits you from afar with a +0 spear.
The gnoll hits you from afar with a +0 spear!
There is a stone staircase leading up, spattered with blood here.
The gnoll hits you with a +0 halberd.
* * * LOW HITPOINT WARNING * * *
The gnoll closely misses you.
The gnoll hits you from afar with a +0 spear.
* * * LOW HITPOINT WARNING * * *
You climb upwards.
There is a stone staircase leading down here.
Casting: Blink (safe; 4% risk of failure)
Confirm with . or Enter, or press ? or * to list all spells.
You blink.
You feel stable enough to blink again.
Casting: Blink (safe; 4% risk of failure)
Confirm with . or Enter, or press ? or * to list all spells.
You blink.
The gnoll barely misses you.
You feel stable enough to blink again.
There is a stone staircase leading down here.
Casting: Blink (safe; 4% risk of failure)
Confirm with . or Enter, or press ? or * to list all spells.
You blink.
Throw: 53 stones
Press: ? - help, Q - select action, (/) - cycle Shift-Dir - straight line, f - gnoll
Aim: a gnoll, wielding a +0 halberd (63% to hit)
You throw a stone.
The stone hits the gnoll but does no damage.
Throw: 52 stones
Press: ? - help, Q - select action, (/) - cycle Shift-Dir - straight line, f/p - gnoll
Aim: a gnoll, wielding a +0 halberd (63% to hit)
You throw a stone.
The stone hits the gnoll but does no damage.
Unknown command.
You feel stable enough to blink again.
The gnoll hits you from afar with a +0 halberd!
You die...

...#...##.##.######..##.##.####
####...##.##.###.....##.##.#
...........................#
##.....####..###.##.#.#.####
##.....# #..# #.##.#.#.#
###....# #..# #.####.#.#
.......# #..# #.# #.#.#
####...####..# #.####.#.########
#.........###@..............#
####..(####......####.##########
......g####...g..# #.#
.................# #.###########
.###...####......# #............
...#........#....##
#######.#####
####.#.####.......# #.#
#.#.#......#....## #.#
#.########.#...)# #.#


You could see a gnoll.

Vanquished Creatures
  A gnoll (D:2)
  An adder (D:2)
  A dart slug (D:1)
  3 bats
  3 endoplasms
  3 goblins
  4 hobgoblins (D:2)
  3 jackals (D:2)
  6 ball pythons
  2 kobolds
  3 rats
30 creatures vanquished.

Notes
Turn   | Place    | Note
-------+----------+-------------------------------------------
     0 | D:1      | Ablot the Gnoll Warper began the quest for the Orb.
     0 | D:1      | Reached XP level 1. HP: 20/20 MP: 6/6
   596 | D:1      | Reached XP level 2. HP: 22/26 MP: 7/7
   643 | D:1      | Learned a level 2 spell: Blink
   823 | D:1      | Found a faded altar of an unknown god.
  1268 | D:2      | Reached XP level 3. HP: 9/31 MP: 6/9
  1559 | D:2      | Reached skill level 5 in Spellcasting
  1894 | D:2      | Reached skill level 1 in Invocations
  2124 | D:2      | Reached skill level 1 in Short Blades
  2124 | D:2      | Reached skill level 1 in Long Blades
  2124 | D:2      | Reached skill level 1 in Axes
  2124 | D:2      | Reached skill level 1 in Maces & Flails
  2124 | D:2      | Reached skill level 1 in Staves
  2124 | D:2      | Reached skill level 1 in Slings
  2124 | D:2      | Reached skill level 1 in Bows
  2124 | D:2      | Reached skill level 1 in Crossbows
  2124 | D:2      | Reached skill level 1 in Stealth
  2124 | D:2      | Reached skill level 1 in Shields
  2124 | D:2      | Reached skill level 1 in Unarmed Combat
  2124 | D:2      | Reached skill level 1 in Evocations
  2132 | D:2      | HP: 1/31 [gnoll/+0 spear (4)]
  2456 | D:1      | Slain by a gnoll

Illustrated notes

Levels and vault maps discovered:
D:1:      scummos_arrival_gate, layout_basic,
          shapermc_ecumenical_altar_hornbeckon
D:2:      layout_basic, grunt_decor_clamped

Skill      XL: |  1  2  3 |
---------------+----------+-----
Spellcasting   | 5 |  5.0
Invocations    | 1 |  1.0
Short Blades   | 1 |  1.0
Long Blades    | 1 |  1.0
Axes           | 1 |  1.0
Maces & Flails | 1 |  1.0
Staves         | 1 |  1.0
Slings         | 1 |  1.0
Bows           | 1 |  1.0
Crossbows      | 1 |  1.0
Stealth        | 1 |  1.0
Shields        | 1 |  1.0
Unarmed Combat | 1 |  1.0
Evocations     | 1 |  1.0
Fighting       | |  4.6
Polearms       | |  4.6
Throwing       | |  2.6
Armour         | |  2.6
Dodging        | |  4.6
Conjurations   | |  0.7
Hexes          | |  0.7
Summonings     | |  0.7
Necromancy     | |  0.7
Translocations | |  5.4
Transmutations | |  0.7
Fire Magic     | |  0.7
Ice Magic      | |  0.7
Air Magic      | |  0.7
Earth Magic    | |  0.7
Poison Magic   | |  0.7

Action                   || total
-------------------------++-------
Melee: Spear             ||   139
       Bite              ||     9
       Punch             ||     2
Throw: Stone             ||    15
       Boomerang         ||     1
 Cast: Blink             ||     4
 Stab: Sleeping          ||     2
Armor: Leather armour    ||    27
Dodge: Dodged            ||    59
